 Dungeon Crawl Stone Soup version 0.19.5 (webtiles) character file.

138 McKennaii the Magician (level 5, -4/28 HPs)
             Began as a Deep Elf Fire Elementalist on May 8, 2017.
             Slain by Crazy Yiuf
             ... wielding a +3 quarterstaff of chaos
              (12 damage)
             ... on level 2 of the Dungeon.
             The game lasted 00:04:29 (1453 turns).

McKennaii the Magician (Deep Elf Fire Elementalist) Turns: 1453, Time: 00:04:30

Health: -4/28      AC:  3    Str:  5    XL:     5   Next: 1%
Magic:  9/13       EV: 13    Int: 21    God:
Gold:   108        SH:  0    Dex: 15    Spells: 3 memorised, 7 levels left

rFire  . . .     SeeInvis .     (no weapon)
rCold  . . .     Gourm    .     a - +0 robe
rNeg   . . .     Faith    .     (no shield)
rPois  .         Spirit   .     q - +0 helmet
rElec  .         Reflect  .     (no cloak)
rCorr  .         Harm     .     (no gloves)
MR     .....                    (no boots)
Stlth  ++........               (no amulet)
                                (no ring)
                                f - ring of wizardry

@: very slightly contaminated, invisible
A: sense surroundings 1
a: no special abilities


You were on level 2 of the Dungeon.
You were hungry.

You visited 1 branch of the dungeon, and saw 2 of its levels.

You collected 108 gold pieces.

Inventory:

Armour
 a - a +0 robe (worn)
 q - a +0 helmet (worn)
Jewellery
 f - a ring of wizardry (left hand)
Scrolls
 e - 2 scrolls of recharging {unknown}
 h - 2 scrolls of remove curse {unknown}
 l - a scroll of teleportation {unknown}
 m - 2 scrolls of identify {unknown}
Potions
 d - 2 potions of flight
 i - a potion of degeneration {unknown}
 j - a potion of haste {unknown}
 o - 2 potions of curing {unknown}
 p - a potion of mutation {unknown}
Books
 b - a book of Flames

   Spells                             Type                      Level
   a - Flame Tongue                   Conjuration/Fire             1
   b - Throw Flame                    Conjuration/Fire             2
   c - Conjure Flame                  Conjuration/Fire             3
   d - Inner Flame                    Hexes/Fire                   3
   e - Sticky Flame                   Conjuration/Fire             4
   f - Fireball                       Conjuration/Fire             5
Comestibles
 c - 3 bread rations
 g - a slice of pizza
 k - 3 beef jerkies
 n - 3 fruits


   Skills:
 + Level 0.2 Fighting
 + Level 2.8 Dodging
 + Level 3.0 Stealth
 + Level 4.6 Spellcasting
 + Level 2.4 Conjurations
 + Level 4.4 Fire Magic


You had 7 spell levels left.
You knew the following spells:

 Your Spells              Type           Power        Failure   Level  Hunger
a - Flame Tongue          Conj/Fire      ###..        1%          1    None
b - Throw Flame           Conj/Fire      ###...       1%          2    #......
c - Conjure Flame         Conj/Fire      ###.....     4%          3    ##.....


Dungeon Overview and Level Annotations

Branches:
Dungeon (2/15)

Altars:
Zin

Annotations:
D:2 Crazy Yiuf


Innate Abilities, Weirdness & Mutations

You passively map a small area around you.


Message History

Crazy Yiuf burns you.
Casting: Flame Tongue
Confirm with . or Enter, or press ? or * to list all spells.
Aiming: Flame Tongue
Press: ? - help, Shift-Dir - straight line, f/p - Crazy Yiuf
Aim: Crazy Yiuf, wielding a quarterstaff of chaos and wearing a cloak (lightly wounded)
The flame tongue hits Crazy Yiuf.
Crazy Yiuf appears unharmed.
Crazy Yiuf is lightly wounded.
Crazy Yiuf hits you with a quarterstaff of chaos.
* * * LOW HITPOINT WARNING * * *
You fade into invisibility!
You are very lightly contaminated with residual magic.
Casting: Flame Tongue
Confirm with . or Enter, or press ? or * to list all spells.
Aiming: Flame Tongue
Press: ? - help, Shift-Dir - straight line, f/p - Crazy Yiuf
Aim: Crazy Yiuf, wielding a quarterstaff of chaos and wearing a cloak (lightly wounded)
The flame tongue misses Crazy Yiuf.
Crazy Yiuf hits you with a quarterstaff of chaos!
You die...

##.#.#.#.##.# ##
#..######### .#
#.## .# #.# #####
.# #.# #).)# .# #†#
#)))# .# ##.##
#)))# .#######...#
#g# .........#.#
♣♣@♣ ..#...##...#
♣)♣♣ ...........#
♣♣)♣ ......#...##
♣)♣♣ .#.#.##.###
♣♣)♣♣ .....##.#
♣)P.♣♣ #.#####.####
♣P...♣ #.#####....#
#....#
#......>##.###....#


You could see Crazy Yiuf.

Vanquished Creatures
  Natasha (thrice) (D:2)
  3 adders (D:2)
  A worm (D:2)
  2 leopard geckos
  A ball python (D:2)
  7 goblins
  3 hobgoblins
  2 jackals (D:1)
  5 kobolds
  2 quokkas (D:2)
  A bat (D:2)
  2 frilled lizards
  3 rats
35 creatures vanquished.

Notes
Turn   | Place    | Note
-------+----------+-------------------------------------------
     0 | D:1      | McKennaii the Deep Elf Fire Elementalist began the quest for the Orb.
     0 | D:1      | Reached XP level 1. HP: 10/10 MP: 6/6
   231 | D:1      | Reached XP level 2. HP: 15/15 MP: 6/8
   688 | D:2      | Noticed Natasha
   693 | D:2      | Noticed a crimson imp
   700 | D:2      | Killed Natasha
   700 | D:2      | Reached XP level 3. HP: 1/19 MP: 0/10
   798 | D:2      | Learned a level 2 spell: Throw Flame
   802 | D:2      | Learned a level 3 spell: Conjure Flame
   832 | D:2      | Noticed Natasha
   848 | D:2      | Killed Natasha
   848 | D:2      | Reached XP level 4. HP: 10/24 MP: 7/12
   961 | D:2      | Noticed Natasha
   967 | D:2      | Killed Natasha
   986 | D:2      | Gained mutation: You passively map a small area around you. [potion of beneficial mutation]
  1273 | D:2      | Reached XP level 5. HP: 28/28 MP: 10/13
  1291 | D:2      | Found a glowing silver altar of Zin.
  1357 | D:2      | Found a runed door.
  1447 | D:2      | Noticed Crazy Yiuf
  1453 | D:2      | Slain by Crazy Yiuf

Skill      XL: |  1  2  3  4  5 |
---------------+----------------+-----
Fire Magic     | 4 |  4.4
Spellcasting   | 4 |  4.6
Conjurations   | 2 |  2.4
Stealth        | 3 |  3.0
Fighting       | |  0.2
Dodging        | |  2.8

Action                   |  1- 3 |  4- 6 || total
-------------------------+-------+-------++-------
Melee: Unarmed           |       |     1 ||     1
 Cast: Flame Tongue      |    46 |    35 ||    81
       Throw Flame       |       |     3 ||     3
       Conjure Flame     |       |     1 ||     1
  Use: Potion            |     2 |     1 ||     3
  Eat: Chunk             |       |     1 ||     1
Armor: Robe              |     8 |     1 ||     9
Dodge: Dodged            |    26 |     7 ||    33
